 Dungeon Crawl Stone Soup version 0.29.0-11-gd7f09526c8 (webtiles) character file.

Game seed: 12246422750195363478

247 smilodon the Shooter (level 5, -5/42 HPs)
             Began as a Draconian Hunter on Sept 4, 2022.
             Slain by Duvessa
             ... wielding a +0 short sword
              (11 damage)
             ... on level 4 of the Dungeon.
             The game lasted 00:05:01 (2848 turns).

smilodon the Shooter (Draconian Hunter)             Turns: 2848, Time: 00:05:02

Health: -5/42      AC:  5    Str: 14    XL:     5   Next: 85%
Magic:  0/1        EV: 13    Int:  9    God:
Gold:   134        SH:  0    Dex: 22    Spells: 4/4 levels left

rFire   . . .      SeeInvis .   c - +2 dagger (antimagic)
rCold   . . .      Faith    .   (no shield)
rNeg    . . .      Spirit   +   (body armour unavailable)
rPois   .          Reflect  .   (helmet restricted)
rElec   .          Harm     .   (no cloak)
rCorr   .          Rampage  .   (no gloves)
Will    .....                   (no boots)
Stlth   ++........              m - amulet of guardian spirit
HPRegen 0.14/turn               i - +6 ring of dexterity
MPRegen 0.07/turn               (no ring)

@: no status effects
A: AC +5, unfitting armour, cold-blooded, horns 1
a: no special abilities


You were on level 4 of the Dungeon.
You visited 1 branch of the dungeon, and saw 4 of its levels.

You collected 134 gold pieces.

Inventory:

Hand Weapons
 a - a +0 shortbow
 c - a +2 antimagic dagger (weapon)
 f - a +0 bardiche
Missiles
 g - 7 poisoned darts
 h - 2 atropa-tipped darts
Jewellery
 i - a +6 ring of dexterity (left hand)
 m - an amulet of guardian spirit (around neck)
Wands
 k - a wand of light (7)
Scrolls
 b - 2 scrolls of immolation
 j - 3 scrolls of identify
 l - a scroll of teleportation


   Skills:
 - Level 2.5 Fighting
 + Level 6.3 Ranged Weapons
 - Level 2.2 Dodging
 - Level 0.9 Stealth


You had 4 spell levels left.
You didn't know any spells.
Your spell library contained the following spells:

 Spells                   Type           Power      Damage    Failure   Level
 Slow                     Hex            0%         N/A       38%         1
 Confusing Touch          Hex            0%         N/A       77%         3
 Gell's Gravitas          Tloc           0%         N/A       77%         3
 Lesser Beckoning         Tloc           0%         N/A       77%         3
 Teleport Other           Tloc           0%         N/A       77%         3
 Vampiric Draining        Necr           0%         2d6       77%         3
 Dispersal                Tloc           0%         N/A       100%        6


Dungeon Overview and Level Annotations

Branches:
Dungeon (4/15)
 Temple: D:4-7

Altars:
Hepliaklqana

Annotations:
D:4 Duvessa, Menkaure


Innate Abilities, Weirdness & Mutations

Your plain brown scales are hard. (AC +5)
You cannot fit into any form of body armour.
You are cold-blooded and may be slowed by cold attacks.
You have a pair of small horns on your head.


Message History

Duvessa is nearby!
Fire: a) +0 shortbow
Press: ? - help, Q - select action, (/) - cycle Shift-Dir - straight line, f - Duvessa
Aim: Duvessa, wielding a +0 short sword and wearing a +2 leather armour of poison resistance (lightly wounded, berserk, 70% to hit)
You shoot an arrow. The arrow hits Duvessa.
Duvessa is lightly wounded.
You hear a shout!
Fire: a) +0 shortbow
Press: ? - help, Q - select action, (/) - cycle Shift-Dir - straight line, f/p - Duvessa
Aim: Duvessa, wielding a +0 short sword and wearing a +2 leather armour of poison resistance (lightly wounded, berserk, 70% to hit)
You shoot an arrow. The arrow hits Duvessa.
Duvessa is lightly wounded.
Fire: a) +0 shortbow
Press: ? - help, Q - select action, (/) - cycle Shift-Dir - straight line, f/p - Duvessa
Aim: Duvessa, wielding a +0 short sword and wearing a +2 leather armour of poison resistance (lightly wounded, berserk, 70% to hit)
You shoot an arrow. The arrow hits Duvessa!
Duvessa is moderately wounded.
You feel magic leave you.
c - a +2 antimagic dagger (weapon)
You hit Duvessa but do no damage. You headbutt Duvessa, but do no damage.
Duvessa is moderately wounded.
Duvessa hits you with a +0 short sword! x2
You hit Duvessa.
Duvessa is heavily wounded.
Duvessa completely misses you.
Menkaure, Prince of Dust comes into view.
As you read the scroll of fog, it crumbles to dust.
The scroll dissolves into smoke.
Duvessa hits you with a +0 short sword!
* * * LOW HITPOINT WARNING * * *
A giant cockroach comes into view.
Duvessa closely misses you.
You feel better. Duvessa hits you with a +0 short sword.
* * * LOW HITPOINT WARNING * * *
Menkaure blazes with dark energy!
Menkaure casts a spell.
Menkaure seems to speed up.
You feel better. Duvessa hits you with a +0 short sword!
* * * LOW HITPOINT WARNING * * *
Duvessa hits you with a +0 short sword!
You die...

...............
...............#
#......<.......#
#.......##.....#
#.......##.....
........##...## +#
........##...####§##
#..............§§§§#####
#.............§§@§§.§§§.
#..............e§§§§....
#.......##.†..§.§≈≈≈≈...
#.......##.....####≈#...
###+######.....# ≈+ ..
.)........M.# § .
.).........≈≈≈> .
.........†≈≈§≈≈≈ ≈.
)........)≈≈≈≈##


You could see Duvessa (berserk) and Menkaure (fast).

Vanquished Creatures
  Dowan (D:4)
  Natasha (thrice) (D:3)
  5 adders
  2 worms (D:3)
  A dart slug (D:3)
  7 orcs
  7 bats
  6 endoplasms
  4 giant cockroaches
  5 goblins
  8 hobgoblins
  A jackal (D:1)
  3 quokkas
  6 ball pythons
  A frilled lizard (D:1)
  A kobold (D:3)
  5 rats
66 creatures vanquished.

Notes
Turn   | Place    | Note
-------+----------+-------------------------------------------
     0 | D:1      | smilodon the Draconian Hunter began the quest for the Orb.
     0 | D:1      | Reached XP level 1. HP: 17/17 MP: 1/1
   391 | D:1      | Reached XP level 2. HP: 25/25 MP: 2/2
  1036 | D:1      | Gained mutation: Your spells are a little easier to cast,
                  | but a little less powerful. [potion of mutation]
  1039 | D:1      | Lost mutation: Your spells are a little easier to cast, but
                  | a little less powerful. [potion of mutation]
  1039 | D:1      | Gained mutation: You have a pair of small horns on your
                  | head. [potion of mutation]
  1186 | D:2      | Reached skill level 4 in Ranged Weapons
  1196 | D:2      | Reached XP level 3. HP: 30/30 MP: 3/3
  1213 | D:2      | Found a hazy altar of Hepliaklqana.
  1714 | D:3      | Noticed Natasha
  1719 | D:3      | Killed Natasha
  1720 | D:3      | Reached XP level 4. HP: 37/37 MP: 4/4
  1725 | D:3      | Noticed Natasha
  1735 | D:3      | Killed Natasha
  1736 | D:3      | Reached skill level 5 in Ranged Weapons
  2296 | D:3      | Noticed Natasha
  2299 | D:3      | Killed Natasha
  2300 | D:3      | Reached XP level 5. HP: 42/42 MP: 5/5
  2787 | D:4      | Noticed Duvessa
  2791 | D:4      | Noticed Dowan
  2812 | D:4      | Killed Dowan
  2813 | D:4      | Reached skill level 6 in Ranged Weapons
  2845 | D:4      | Noticed Menkaure
  2848 | D:4      | Slain by Duvessa

Illustrated notes

Levels and vault maps discovered:
D:1:      dpeg_arrival_brainrot, layout_loops_corners
D:2:      layout_basic, basic_altar, grunt_decor_fettered
D:3:      layout_loops_ring, uniq_natasha
D:4:      layout_gridville, nicolae_qazlal_general_emergency, temple_green,
          minmay_close_crescents, uniq_duvessa, uniq_menkaure, uniq_sigmund

Skill      XL: |  1  2  3  4  5 |
---------------+----------------+-----
Dodging        | 2 |  2.2
Ranged Weapons | 4 5 6 |  6.3
Fighting       | |  2.5
Stealth        | |  0.9

Action                   |  1- 3 |  4- 6 || total
-------------------------+-------+-------++-------
Melee: Dagger            |       |     4 ||     4
       Headbutt          |       |     1 ||     1
 Fire: Shortbow          |    84 |   118 ||   202
  Use: Scroll            |     6 |     1 ||     7
       Potion            |     4 |     3 ||     7
Armor: Skin              |     7 |     8 ||    15
Dodge: Dodged            |    20 |    26 ||    46
